Map: Fracture LE

Players

MasterNoodle - Winner!

  • Race: Zerg Zerg
  • League: Master
  • Spawn Location: 11:00

Chaos

  • Race: Terran Terran
  • League: Master
  • Spawn Location: 5:00

VOD

Have the link to the VOD?

Description

chaotic ZvT
Want full on memecast, but you can point out some general mistakes if you want

Time

  • Played on: Oct. 6, 2018, 10:35 a.m.
  • Length: 19:37
Show
View Real Time Build Order
Export as new Build Order

MasterNoodle Zerg - Winner!

Build Orders: Pool First 

Get SALT Encoding   

  12  0:03  Drone  
  13  0:13  Overlord  
  13  0:18  Drone  
  14  0:31  Drone x2  
  16  0:38  Drone  
  17  0:46  Spawning Pool  
  16  0:51  Drone  
  17  1:11  Hatchery  
  17  1:15  Drone  
  17  1:25  Extractor  
  17  1:32  Drone  
  17  1:33  Zergling x4  
  19  1:41  Roach Warren  
  19  1:46  Drone  
  19  1:48  Queen  
  21  2:03  Overlord  
  20  2:27  Roach x2  
  20  2:28  Roach x2  
  27  2:38  Queen  
  27  2:40  Overlord  
  29  2:44  Drone  
  30  3:00  Drone x3  
  30  3:01  Drone x2  
  35  3:08  Drone x2  
  38  3:12  Drone  
  38  3:23  Drone x2  
  40  3:33  Drone x2  
  42  3:41  Drone, Overlord  
  43  3:42  Ravager  
  43  3:47  Extractor  
  43  3:48  Extractor  
  42  3:49  Ravager  
  42  3:50  Ravager  
  44  3:58  Overlord  
  44  4:01  Overlord  
  44  4:03  Hatchery  
  44  4:09  Drone x4  
  42  4:12  Drone  
  43  4:19  Drone x3  
  43  4:20  Drone x2  
  43  4:21  Drone  
  49  4:28  Lair  
  49  4:42  Drone x3  
  49  4:43  Extractor  
  51  4:46  Drone x4  
  51  4:49  Drone, Overlord  
  51  4:51  Overlord  
  53  5:06  Roach x3  
  59  5:07  Roach  
  59  5:12  Roach  
  63  5:18  Roach x5  
  73  5:28  Roach x4  
  81  5:31  Glial Reconstitution  
  81  5:39  Zergling x2  
  82  5:51  Metabolic Boost  
  82  5:56  Overlord x4  
  82  6:17  Roach x7  
  82  6:18  Roach x3  
  102  6:27  Roach x2  
  102  6:28  Roach x2  
  110  6:34  Roach x2  
  114  6:41  Overlord x2  
  105  7:03  Roach x3, Zergling x10  
  105  7:04  Zergling x10  
  105  7:08  Roach x2  
  112  7:16  Ravager x2  
  112  7:19  Ravager x2  
  112  7:22  Ravager, Zergling x4  
  115  7:23  Zergling x2  
  115  7:25  Zergling x4  
  115  7:26  Zergling x8  
  115  7:28  Overseer  
  117  7:31  Ravager  
  117  7:32  Zergling x4  
  117  7:33  Ravager  
  117  7:34  Ravager  
  122  7:38  Overlord  
  122  7:47  Zergling x4  
  122  7:48  Zergling x4  
  106  7:55  Zergling x2  
  106  7:56  Zergling x8  
  108  8:02  Zergling x4  
  107  8:06  Zergling x6  
  106  8:13  Zergling x4  
  106  8:19  Roach x3  
  103  8:25  Roach x3  
  103  8:27  Zergling x2  
  105  8:31  Roach x2  
  94  8:43  Roach x3  
  94  8:45  Ravager x3  
  94  8:47  Queen  
  102  9:00  Roach x2, Zergling x2  
  102  9:01  Zergling x2  
  97  9:06  Zergling x4  
  99  9:13  Zergling x14  
  104  9:19  Zergling x4  
  104  9:23  Queen  
  104  9:24  Zergling x2  
  90  9:29  Roach  
  83  9:32  Drone  
  83  9:37  Drone x2  
  86  9:42  Roach  
  86  9:43  Roach x3, Baneling Nest, Zergling x2  
  86  9:44  Evolution Chamber  
  93  9:47  Hatchery  
  93  9:52  Ravager x4  
  97  9:53  Ravager  
  97  9:55  Drone x5  
  102  10:00  Drone  
  102  10:05  Roach, Hydralisk Den  
  104  10:11  Drone x5  
  104  10:12  Drone  
  110  10:16  Zerg Missile Weapons Level 1  
  110  10:28  Ravager x5  
  114  10:31  Centrifical Hooks  
  114  10:34  Drone x2, Extractor x2  
  114  10:35  Drone x4  
  119  10:45  Roach x4  
  119  10:46  Roach  
  119  10:49  Zergling x4  
  126  10:55  Hydralisk  
  119  10:58  Muscular Augments  
  119  10:59  Hydralisk x2  
  122  11:07  Hydralisk  
  122  11:08  Hydralisk x3  
  130  11:11  Ravager  
  130  11:13  Drone x3  
  134  11:20  Zergling x2  
  131  11:28  Roach x3  
  131  11:31  Zergling x2  
  126  11:33  Zergling x2  
  126  11:34  Zergling x4  
  126  11:38  Zergling x8  
  130  11:40  Baneling x2  
  130  11:45  Zergling x4  
  130  11:46  Zergling x2  
  124  11:55  Zergling x2  
  124  11:56  Zergling x2  
  124  11:58  Zergling x2  
  100  12:03  Roach x3  
  100  12:08  Baneling x6, Zergling x2  
  103  12:09  Zergling x4  
  103  12:13  Hydralisk  
  108  12:19  Roach x4, Hydralisk x6  
  128  12:25  Overseer  
  128  12:29  Ravager x3, Zergling x4  
  133  12:33  Baneling x5  
  133  12:34  Hydralisk  
  135  12:45  Overlord x2  
  135  12:46  Zerg Missile Weapons Level 2  
  135  12:51  Overlord x3  
  135  13:00  Baneling x7  
  135  13:01  Baneling  
  135  13:08  Zergling x12  
  135  13:09  Zergling x2  
  142  13:17  Hatchery  
  132  13:21  Zergling x18  
  130  13:28  Evolution Chamber  
  130  13:31  Zergling x8  
  128  13:42  Zergling x8  
  128  13:46  Zergling x4  
  130  13:50  Baneling  
  130  13:51  Hydralisk x2, Baneling x12  
  134  13:56  Hydralisk  
  134  13:57  Zergling x4  
  138  14:07  Hydralisk x3  
  126  14:18  Zergling x18  
  133  14:24  Roach x2  
  132  14:33  Hydralisk x3, Zergling x4  
  137  14:45  Zergling x16  
  132  14:51  Zergling x2  
  132  14:52  Zergling x4  
  125  14:55  Zergling x2  
  125  14:56  Zergling x6  
  125  15:05  Zergling x8  
  125  15:06  Zergling x8  
  129  15:12  Zergling x2  
  129  15:13  Zergling x8  
  119  15:17  Zergling x4  
  119  15:18  Hydralisk  
  113  15:22  Hydralisk  
  113  15:27  Zerg Ground Armor Level 1  
  114  15:42  Baneling  
  114  15:43  Baneling x3  
  114  15:44  Zerg Melee Weapons Level 1  
  114  15:48  Hatchery  
  113  15:54  Hydralisk  
  113  15:55  Hydralisk x4  
  123  16:02  Hydralisk x2  
  127  16:08  Zergling x4  
  127  16:09  Zergling x8  
  133  16:17  Zergling x12  
  133  16:18  Zergling x2  
  140  16:38  Hydralisk  
  140  16:39  Hydralisk x7  
  155  16:41  Baneling  
  155  16:42  Baneling x4  
  155  16:46  Baneling x5  
  150  16:48  Hydralisk  
  150  16:49  Zergling x2  
  150  16:54  Hydralisk x2  
  154  17:06  Drone x8  
  158  17:17  Zergling x2  
  158  17:18  Zergling x8  
  161  17:27  Zergling x10  
  140  17:35  Hydralisk x4  
  140  17:36  Zergling x6  
  133  17:37  Zergling x2  
  133  17:42  Baneling x9  
  133  17:43  Zergling x2  
  135  17:47  Zergling x6  
  135  17:49  Hydralisk  
  136  17:55  Zergling x2  
  136  17:56  Zergling x4  
  136  17:57  Zergling x2  
  136  17:58  Zergling x2  
  138  18:01  Hydralisk x2  
  138  18:10  Zergling x18  
  138  18:12  Baneling x2  
  133  18:15  Hydralisk x2  
  133  18:33  Zergling x16  
  133  18:34  Zergling x4  
  143  18:40  Baneling  
  143  18:41  Baneling x10  
  140  18:43  Roach  
  140  18:44  Roach x2  
  146  18:48  Zergling x2  
  146  18:49  Zergling x8  
  146  18:54  Hydralisk x2  
  155  18:55  Zergling x2  
  155  18:56  Zergling x2  
  151  19:07  Roach  
  151  19:08  Roach x6  
  150  19:13  Zergling x2  
  150  19:14  Zergling x6  
Show
View Real Time Build Order
Export as new Build Order

Chaos Terran 

Build Orders: Reaper Expand, Bio Tank 

Get SALT Encoding   

  12  0:00  SCV  
  13  0:12  SCV  
  14  0:17  Supply Depot  
  14  0:25  SCV  
  15  0:39  SCV  
  15  0:41  Barracks  
  16  0:45  Refinery  
  16  0:51  SCV  
  17  1:03  SCV  
  18  1:17  SCV  
  19  1:28  Reaper  
  19  1:29  Orbital Command  
  20  1:38  Command Center  
  20  1:49  Barracks  
  20  1:55  SCV  
  21  2:01  Supply Depot  
  21  2:03  Barracks Reactor  
  21  2:07  SCV  
  22  2:24  SCV  
  23  2:31  Factory  
  23  2:34  Refinery  
  23  2:36  SCV  
  24  2:39  Marine x2, Barracks Tech Lab  
  26  2:48  SCV  
  27  2:58  Marine x2  
  27  3:00  SCV  
  27  3:01  Orbital Command  
  30  3:07  Bunker, Concussive Shells  
  30  3:08  Marauder  
  33  3:12  SCV  
  33  3:22  Marine x2  
  33  3:25  Cyclone  
  37  3:28  Supply Depot  
  36  3:34  SCV  
  36  3:39  Marauder  
  36  3:40  Marine  
  40  3:43  SCV  
  40  3:46  Marine  
  43  3:55  SCV  
  43  3:58  Marine, Supply Depot  
  43  4:00  SCV  
  44  4:04  Marine  
  44  4:07  SCV  
  45  4:11  Marauder  
  45  4:13  Starport  
  45  4:15  SCV  
  48  4:18  Barracks  
  48  4:20  Supply Depot  
  48  4:22  Marine x2  
  50  4:27  SCV  
  51  4:33  Supply Depot  
  51  4:34  SCV  
  51  4:36  Marauder, Bunker  
  54  4:38  Stimpack  
  54  4:45  SCV  
  55  4:47  Marine x2, Supply Depot  
  55  4:50  Starport Reactor  
  57  4:56  SCV  
  57  4:59  Refinery  
  57  5:00  SCV  
  57  5:02  Refinery  
  57  5:03  Marine  
  57  5:04  Barracks Reactor  
  59  5:08  Supply Depot, SCV  
  59  5:12  Marine x2  
  62  5:14  Factory Tech Lab  
  62  5:15  SCV  
  62  5:19  Supply Depot  
  62  5:20  SCV  
  64  5:28  SCV  
  64  5:30  Marine x2, Marauder  
  64  5:31  Medivac  
  64  5:32  SCV  
  71  5:40  SCV  
  72  5:44  SCV  
  72  5:49  Marine x2  
  73  5:50  Marine  
  73  5:51  Marine  
  73  5:52  SCV  
  73  5:54  Supply Depot  
  78  5:57  Siege Tank  
  78  5:59  SCV  
  78  6:02  Marauder  
  78  6:03  Medivac  
  87  6:04  SCV  
  87  6:11  Marine x3, Supply Depot, SCV  
  87  6:14  Marine  
  92  6:20  SCV  
  92  6:23  Marine  
  94  6:26  Medivac  
  94  6:29  Siege Tank  
  94  6:30  Supply Depot  
  99  6:33  Marine x4  
  99  6:39  Combat Shields  
  103  6:43  Supply Depot  
  103  6:44  Marauder  
  103  6:45  Medivac  
  107  6:53  Barracks  
  107  6:54  Engineering Bay  
  99  7:04  Marine  
  99  7:05  Marine  
  99  7:06  Marauder  
  84  7:09  Marine  
  84  7:11  Siege Tank, Liberator x2  
  84  7:14  SCV  
  86  7:19  Marine  
  86  7:26  Marine x2  
  86  7:27  Marine, Marauder  
  86  7:29  SCV  
  97  7:43  Siege Tank  
  99  7:49  Marauder  
  87  7:56  Marine  
  87  7:57  Terran Infantry Weapons Level 1  
  81  7:59  Marine x4  
  85  8:10  Marauder  
  83  8:13  Marine  
  83  8:17  Marine x2  
  75  8:20  Marine  
  75  8:22  Marine, SCV  
  75  8:23  Siege Tank  
  75  8:24  Liberator  
  78  8:31  Marine, Marauder  
  70  8:35  Marine x2  
  70  8:37  Marine  
  70  8:40  Marine  
  68  8:47  SCV  
  72  8:49  Marine  
  72  8:53  Marine x2, Marauder  
  76  8:55  Marine  
  74  9:03  Marine  
  74  9:05  SCV  
  74  9:06  SCV  
  74  9:07  Marine  
  78  9:10  Marine x2, Siege Tank  
  78  9:14  Marauder  
  69  9:24  Marine  
  69  9:28  Marine  
  69  9:29  Marine x3  
  73  9:33  SCV  
  73  9:34  SCV  
  73  9:36  Marauder  
  77  9:42  Marine  
  78  9:46  Marine x2, SCV  
  78  9:49  SCV  
  78  9:52  Marine  
  82  9:53  Barracks Reactor  
  82  9:55  Supply Depot  
  82  9:57  Medivac x2  
  87  10:01  Marauder  
  89  10:09  Terran Infantry Armor Level 1  
  89  10:11  Liberator  
  89  10:12  Marine x2  
  89  10:13  Marine  
  92  10:14  Siege Tank  
  92  10:19  Marine  
  96  10:26  Marauder  
  100  10:30  Marine x3  
  100  10:34  Marine  
  100  10:35  Marine  
  105  10:46  Siege Tank  
  104  10:54  Marine x3  
  104  10:55  Marauder, Marine x3  
  104  11:13  Command Center  
  104  11:19  Armory  
  104  11:20  SCV  
  103  11:36  Marine x2  
  103  11:37  Marine x3, Marauder  
  100  11:58  Marine x2  
  100  11:59  Marine x3, Marauder  
  85  12:02  Marine  
  82  12:14  Siege Tank  
  85  12:16  Marine x3  
  85  12:17  SCV  
  89  12:27  Terran Infantry Weapons Level 2  
  89  12:36  Marine x2  
  91  12:38  Marine  
  91  12:40  Marine x2  
  91  12:41  Marine  
  91  12:42  Marine  
  96  12:47  Orbital Command  
  96  12:50  SCV  
  96  12:51  SCV  
  98  12:58  Engineering Bay  
  98  13:01  Marine, Siege Tank  
  98  13:02  Marine x3  
  98  13:03  Marine  
  106  13:05  Marine  
  106  13:10  Marine  
  102  13:22  Liberator  
  102  13:23  Liberator  
  102  13:26  Marine x2  
  102  13:27  Marine x2  
  104  13:28  Marauder  
  104  13:31  Marine x2  
  110  13:37  Command Center  
  116  13:44  Marine  
  116  13:45  Marine x2  
  116  13:46  Marine  
  120  13:50  Siege Tank  
  123  13:55  Marine  
  123  13:56  Marine  
  123  13:57  Marine  
  123  14:01  Terran Infantry Armor Level 2  
  104  14:18  Marine  
  104  14:19  Marauder  
  104  14:20  Marine  
  104  14:24  Marine x3  
  99  14:28  Marine  
  100  14:36  Marine  
  100  14:37  SCV  
  100  14:38  Marine  
  103  14:39  Marine  
  95  14:47  Marine x2  
  95  14:48  Marine  
  95  14:52  Marine  
  93  14:53  Siege Tank  
  93  14:54  Marine  
  93  14:56  Marine  
  93  14:57  SCV  
  97  15:02  Marine  
  97  15:05  Marine x2  
  100  15:11  Marine  
  100  15:12  Marine  
  91  15:14  Marine  
  91  15:15  Marine  
  91  15:20  Marine  
  74  15:23  Marine x2  
  74  15:26  SCV  
  74  15:29  Marine  
  75  15:36  Medivac  
  75  15:38  Marauder  
  75  15:41  Marine  
  80  15:48  Orbital Command  
  80  15:52  SCV  
  80  15:56  Marine  
  80  15:57  Marine x3  
  82  15:58  Marine  
  82  15:59  Medivac  
  82  16:02  Siege Tank  
  91  16:05  Terran Infantry Weapons Level 3  
  91  16:10  SCV x2  
  93  16:12  SCV  
  93  16:14  Marine x2  
  93  16:15  Marine x2  
  98  16:19  Barracks, SCV  
  99  16:26  Marine  
  99  16:27  Marine, Marauder  
  99  16:28  Medivac  
  99  16:29  SCV  
  99  16:32  Marine  
  107  16:34  SCV  
  107  16:36  Marine x2  
  107  16:37  Barracks, SCV  
  112  16:41  SCV  
  109  16:48  Marauder  
  109  16:49  Marine  
  99  16:56  Medivac  
  99  16:57  Marine  
  99  17:00  Command Center  
  101  17:02  Marine x3  
  101  17:07  Marine  
  105  17:08  Marine  
  105  17:10  Marauder, Barracks Reactor  
  105  17:11  Siege Tank  
  105  17:13  Medivac  
  105  17:15  Marine  
  111  17:28  Marine x3  
  111  17:29  Marine  
  89  17:31  Marauder  
  89  17:34  Marine x2  
  93  17:45  Marine  
  93  17:47  Marine  
  93  17:49  Marine  
  93  17:50  Marine x3  
  96  17:51  Siege Tank  
  96  17:52  Marauder  
  95  18:09  Marine  
  95  18:11  Marine x2  
  79  18:14  Marine x6  
  79  18:17  Marine  
  86  18:24  Siege Tank  
  89  18:27  Marine  
  90  18:35  Marine  
  90  18:40  SCV  
  90  18:41  Marine x3  
  90  18:47  Marine  
  94  18:49  Marine  
  94  18:51  Marine  
  94  18:53  Marine  
  97  18:56  Orbital Command  
  91  19:06  Marine  
  91  19:07  Marine  
  91  19:08  Marine x5  
  68  19:14  Marine x3  
Tags
 
Composition
Bio Tank
Matchup
TvZ
Player
Chaos
Spawn Locations
Cross Positions
Add a new tag
Caveats
  • Supply blocks, unpowered buildings, or Contaminate may cause inaccurate times.
  • Supply counts are checked every 10 seconds.